 Dungeon Crawl Stone Soup version 0.32-a0-540-g866d13106e (webtiles) character file.

Game seed: 3443901901668655408

21 ytrimaz the Ruffian (level 2, -1/21 HPs)
             Began as a Demonspawn Shapeshifter on Feb 29, 2024.
             Succumbed to an adder's poison
             ... on level 2 of the Dungeon.
             The game lasted 00:01:07 (1152 turns).

ytrimaz the Ruffian (Demonspawn Shapeshifter)       Turns: 1152, Time: 00:01:07

Health: -1/21      AC:  3    Str: 14    XL:     2   Next: 62%
Magic:  2/2        EV: 11    Int: 10    God:
Gold:   22         SH:  4    Dex: 12    Spells: 1/1 levels left

rFire   x .          .
                       - Unarmed
rCold   + . .        (no shield)
rNeg    . . .        e - +0 leather armour
rPois   .            (helmet currently unavailable)
rElec   .            (cloak currently unavailable)
rCorr   .            (gloves currently unavailable)
SInv    .            (boots currently unavailable)
Will    .....        (no amulet)
Stlth   +            g - ring of ice
HPRegen 0.23/turn    (no ring)
MPRegen 0.08/turn

%: no passive effects
@: lethally poisoned (-1 -> -10), beast-form
A: beast (slay +1), condensation shield
a: Begin Untransformation


You were on level 2 of the Dungeon.
You were a hulking beast.
You visited 1 branch of the dungeon, and saw 2 of its levels.

You collected 22 gold pieces.


Innate Abilities, Weirdness & Mutations

You are a hulking beast.
Your limbs bulge with bestial killing power. (Slay +1)
A meltable shield of frost defends you. (SH +4)


   Skills:
 - Level 1.0 Fighting
 - Level 1.7 Dodging
 + Level 3.2 Unarmed Combat
 + Level 3.1 Shapeshifting


You had one spell level left.
You didn't know any spells.
Your spell library contained the following spells:

 Spells                   Type           Power      Damage    Failure   Level
 Sublimation of Blood     Necr           0%         N/A       58%         2
 Petrify                  Alch/Erth      0%         N/A       99%         4
 Irradiate                Conj/Alch      0%         3d11      100%        5

Inventory:

Armour
 e - a +0 leather armour (worn)
   (You found it on level 1 of the Dungeon)
Jewellery
 g - a ring of ice (left hand)
   (You found it on level 1 of the Dungeon)
Talismans
 c - a beast talisman (active)
 d - a flux talisman
Scrolls
 f - a scroll of enchant weapon {unknown}
Potions
 a - 3 potions of attraction {unknown}
 b - a potion of lignification

Dungeon Overview and Level Annotations

Branches:
Dungeon (2/15) Zot: 10853

Altars:

Shops:
D:1

! #<#
#.# #.#
#># #.#
#.####
#....#
####.#
#h#
#.l.#
#S....)
#.####.#
#.# #
... ..#
)$#


You could see a ball python and a frilled lizard.


Message History

There is a stone staircase leading up here.
There is an escape hatch in the floor here.
A hobgoblin comes into view.
Found a stone staircase leading down.
The hobgoblin shouts!
You hear an angry hiss.
A hobgoblin is nearby!
A hobgoblin is nearby!
A frilled lizard comes into view.
An adder comes into view.
Unknown command.
You barely miss the hobgoblin.
The frilled lizard hisses angrily.
You closely miss the hobgoblin. The hobgoblin closely misses you.
A ball python comes into view.
Unknown command.
You barely miss the hobgoblin.
The frilled lizard completely misses you.
The hobgoblin closely misses you.
You barely miss the hobgoblin.
The frilled lizard bites you but does no damage.
The hobgoblin hits you. 😕 HP[-3]
You take 3 damage, and now have 18/21 hp.
You hit the hobgoblin. The frilled lizard barely misses you.
The hobgoblin barely misses you.
You hit the hobgoblin.
You kill the hobgoblin!
You block the frilled lizard's attack.
Unknown command.
You barely miss the adder. The adder bites you.
The frilled lizard barely misses you. The adder closely misses you. 😮 HP[-4]
You take 4 damage, and now have 14/21 hp.
You hit the adder. The frilled lizard bites you.
The adder barely misses you. 😮 HP[-3]
You take 3 damage, and now have 11/21 hp.
Unknown command.
You hit the adder. The frilled lizard bites you.
* * * LOW HITPOINT WARNING * * *
The adder bites you.
* * * LOW HITPOINT WARNING * * *
You are too injured to fight recklessly! 😨 HP[-4]
You take 4 damage, and now have 7/21 hp.
Unknown command.
You barely miss the adder. The adder closely misses you.
The frilled lizard bites you but does no damage.
You are too injured to fight recklessly!
You closely miss the adder. The adder closely misses you.
The frilled lizard bites you but does no damage.
You are too injured to fight recklessly!
Unknown command.
You hit the adder. The adder bites you.
* * * LOW HITPOINT WARNING * * *
The frilled lizard barely misses you. The adder barely misses you. 😨 HP[-1]
You take 1 damage, and now have 6/21 hp.
You are too injured to fight recklessly!
You closely miss the adder. You block the frilled lizard's attack.
The adder barely misses you.
Unknown command. 😨 HP[+1]
You are too injured to fight recklessly!
You barely miss the adder. The adder barely misses you.
The frilled lizard bites you but does no damage.
Unknown command.
You are too injured to fight recklessly!
You closely miss the adder. The adder bites you.
* * * LOW HITPOINT WARNING * * *
You are lethally poisoned!
The adder poisons you!
The frilled lizard barely misses you. 😨 HP[-1]
You take 1 damage, and now have 6/21 hp.
You miss the adder.
* * * LOW HITPOINT WARNING * * *
You feel sick. You block the adder's attack. The frilled lizard bites you.
* * * LOW HITPOINT WARNING * * *
You are too injured to fight recklessly! 😱 HP[-3]
You take 3 damage, and now have 3/21 hp.
You miss the adder.
* * * LOW HITPOINT WARNING * * *
You feel sick. The adder misses you. The adder closely misses you.
The frilled lizard bites you but does no damage. 😱 HP[-1]
You take 1 damage, and now have 2/21 hp.
You are too injured to fight recklessly!
Unknown command.
You barely miss the adder. Your punch misses the adder.
* * * LOW HITPOINT WARNING * * *
You feel sick. The adder bites you.
* * * LOW HITPOINT WARNING * * *
You are more poisoned.
The adder poisons you!
The frilled lizard barely misses you. 😱 HP[-1]
You take 1 damage, and now have 1/21 hp.
You are too injured to fight recklessly!
You punch the adder!
You kill the adder!
You die...

Skill      XL: |  1  2 |
---------------+-------+-----
Unarmed Combat | 3 |  3.2
Shapeshifting  | 3 |  3.1
Fighting       | |  1.0
Dodging        | |  1.7

Action                     || total
---------------------------++-------
  Melee: Unarmed           ||    76
         Punch             ||     2
 Armour: Animal skin       ||    35
         Leather armour    ||    36
  Dodge: Dodged            ||    57
  Block: Other             ||    10

Levels and vault maps discovered:
D:1:      roderic_chinese_lattice_arrival, layout_basic, serial_shops, shop,
          chequers_ecumenical_altar_grove, minmay_3d_cube
D:2:      layout_basic, basic_altar, serial_shops, shop, uniq_natasha,
          uniq_jessica

Notes
Turn   | Place    | Note
-------+----------+-------------------------------------------
     0 | D:1      | ytrimaz the Demonspawn Shapeshifter began the quest for the
                  | Orb.
     0 | D:1      | Reached XP level 1. HP: 15/15 MP: 1/1
     0 | D:1      | magus.rc [v1.9.6]
   157 | D:1      | Found a faded altar of an unknown god.
   199 | D:1      | HP: 3/15 [ball python (1)]
   204 | D:1      | HP: 1/15 [bat (1)]
   408 | D:1      | Reached skill level 3 in Unarmed Combat
   412 | D:1      | Gained mutation: A meltable shield of frost defends you.
                  | (SH +4) [demonic ancestry]
   412 | D:1      | Reached XP level 2. HP: 15/21 MP: 2/2
   461 | D:1      | Reached skill level 3 in Shapeshifting
   925 | D:1      | You pick up a book of Transmutation and begin reading...
   925 | D:1      | You add the spells Sublimation of Blood, Petrify and
                  | Irradiate to your library.
  1012 | D:1      | Found Vizixor's Distillery.
  1149 | D:2      | HP: 4/21 [poisoned by an adder]
  1151 | D:2      | HP: 1/21 [adder (1)]
  1152 | D:2      | Succumbed to an adder's poison

Vanquished Creatures
  An adder (D:2)
  A dart slug (D:1)
  3 ball pythons (D:1)
  3 bats (D:1)
  An endoplasm (D:1)
  A giant cockroach (D:1)
  2 goblins (D:1)
  2 hobgoblins
  A jackal (D:1)
  A kobold (D:1)
  A rat (D:1)
17 creatures vanquished.

Table legend:
 A = Non-vault XP
 B = Vault XP
 C = Vault XP percentage of total XP
 D = Non-vault monster count
 E = Vault monster count
 F = Vault count percentage of total count
                 A         B        C        D         E       F
            +---------+---------+-------+---------+---------+-------
      Total |      33 |      11 |  25.0 |      11 |       6 |  35.3
            +---------+---------+-------+---------+---------+-------
        D:1 |      17 |      11 |  39.3 |       9 |       6 |  40.0
        D:2 |      16 |       0 |   0.0 |       2 |       0 |   0.0
            +---------+---------+-------+---------+---------+-------

Skill      XL: |  1  2 |
---------------+-------+-----
Unarmed Combat | 3 |  3.2
Shapeshifting  | 3 |  3.1
Fighting       | |  1.0
Dodging        | |  1.7

Action                     || total
---------------------------++-------
  Melee: Unarmed           ||    76
         Punch             ||     2
 Armour: Animal skin       ||    35
         Leather armour    ||    36
  Dodge: Dodged            ||    57
  Block: Other             ||    10

Illustrated notes

Table legend:
 A = Kills in this place as a percentage of kills in the entire game.
 B = Kills by you in this place as a percentage of kills by you in the entire game.
 C = Kills by friends in this place as a percentage of kills by friends in the entire game.
 D = Other kills in this place as a percentage of other kills in the entire game.
 E = Experience gained in this place as a percentage of experience gained in the entire game.
 F = Experience gained in this place divided by the number of levels of this place that you have seen.
                   A       B       C       D       E      F
               +-------+-------+-------+-------+-------+----------------------
         Total | 100.0 | 100.0 |   N/A |   N/A | 100.0 |  22.0
       Dungeon | 100.0 | 100.0 |   N/A |   N/A | 100.0 |  22.0
               +-------+-------+-------+-------+-------+----------------------

Table legend: (Time is in decaauts)
 A = Elapsed time spent in this place.
 B = Non-inter-level travel time spent in this place.
 C = Inter-level travel time spent in this place.
 D = Time resting spent in this place.
 E = Time spent auto-exploring this place.
 F = Levels seen in this place.
 G = Mean time per level.
                   A        B        C        D        E       F      G
               +--------+--------+--------+--------+--------+-----+--------+
         Total |   1147 |   1052 |     95 |      0 |    898 |   2 |  573.5 |
       Dungeon |   1147 |   1052 |     95 |      0 |    898 |   2 |  573.5 |
               +--------+--------+--------+--------+--------+-----+--------+

Top non-repeatable levels by time:
     D:1: 1119 daAuts
     D:2: 27 daAuts
